 Dungeon Crawl Stone Soup version 0.19.5 (webtiles) character file.

5801 unrecovered the Blocker (level 10, 0/96 HPs)
             Began as a Minotaur Fighter on Apr 14, 2017.
             Was a High Priest of Okawaru.
             Slain by HeyBub's ghost (14 damage)
             ... on level 9 of the Dungeon.
             The game lasted 00:17:03 (8553 turns).

unrecovered the Blocker (Minotaur Fighter)          Turns: 8553, Time: 00:17:03

Health: 0/96       AC:  9    Str: 28 (29) XL:     10   Next: 50%
Magic:  8/9        EV: 10    Int:  3 (5)  God:    Okawaru [*****.]
Gold:   485        SH: 13    Dex:  7 (10) Spells: 0 memorised, 9 levels left

rFire  . . .     SeeInvis .     s - +0 scimitar
rCold  + . .     Gourm    .     D - +3 ring mail {rC+}
rNeg   . . .     Faith    .     c - +1 shield
rPois  +         Spirit   .     (helmet restricted)
rElec  .         Reflect  .     e - +0 cloak
rCorr  .         Harm     .     (no gloves)
MR     .....                    (no boots)
Stlth  ..........               (no amulet)
                                (no ring)
                                z - ring of poison resistance

@: mighty
A: retaliatory headbutt, horns 2
a: Heroism, Finesse, Renounce Religion


You were on level 9 of the Dungeon.
You worshipped Okawaru.
Okawaru was extremely pleased with you.
You were not hungry.

You visited 1 branch of the dungeon, and saw 9 of its levels.

You collected 485 gold pieces.

Inventory:

Hand Weapons
 s - a +0 scimitar (weapon)
 L - a +1 falchion of holy wrath
Missiles
 G - 5 steel javelins (quivered)
Armour
 c - a +1 shield (worn)
 e - a +0 cloak (worn)
 D - a +3 ring mail of cold resistance (worn)
Jewellery
 z - a ring of poison resistance (left hand)
Wands
 q - a wand of paralysis (12/24)
 A - a wand of lightning (7/15)
 B - a wand of slowing (20/48)
Scrolls
 a - a scroll of torment {unknown}
 b - a scroll of blinking
 n - 2 scrolls of noise {unknown}
 r - 3 scrolls of remove curse
 u - a scroll of enchant armour
 v - 6 scrolls of identify {unknown}
 x - a scroll of enchant weapon {unknown}
 y - 2 scrolls of teleportation
 C - 2 scrolls of recharging {unknown}
 F - a scroll of random uselessness {unknown}
 I - a scroll of amnesia
Potions
 g - a potion of lignification {unknown}
 h - 2 potions of mutation {unknown}
 j - a potion of berserk rage {unknown}
 k - a potion of agility {unknown}
 l - 3 potions of curing
 m - 3 potions of degeneration
 o - a potion of invisibility {unknown}
 p - a potion of cure mutation {unknown}
 E - a potion of ambrosia {unknown}
Books
 w - a book of Maledictions

   Spells                             Type                      Level
   a - Corona                         Hexes                        1
   b - Ensorcelled Hibernation        Hexes/Ice                    2
   c - Confuse                        Hexes                        3
   d - Tukima's Dance                 Hexes                        3
   e - Dazzling Spray                 Conjuration/Hexes            3
 K - a book of Power

   Spells                             Type                      Level
   a - Fulminant Prism                Conjuration/Hexes            4
   b - Iskenderun's Mystic Blast      Conjuration                  4
   c - Venom Bolt                     Conjuration/Poison           5
   d - Bolt of Magma                  Conjuration/Fire/Earth       5
   e - Iron Shot                      Conjuration/Earth            6
   f - Orb of Destruction             Conjuration                  7
   g - Spellforged Servitor           Conjuration/Summoning        7
Comestibles
 f - 7 bread rations
 i - 3 beef jerkies
 t - 3 fruits
 H - 7 slices of pizza
 J - 2 meat rations


   Skills:
 + Level 11.2 Fighting
 + Level 11.1 Long Blades
 - Level 3.6 Armour
 + Level 11.5 Shields


You had 9 spell levels left.
You didn't know any spells.

Dungeon Overview and Level Annotations

Branches:
Dungeon (9/15)             Temple (0/1) D:4             Orc (0/2) D:9
   Lair: D:8-11

Altars:
Okawaru
The Shining One

Shops:
D:8 *

Annotations:
D:9 HeyBub's ghost, novice MiFi


Innate Abilities, Weirdness & Mutations

You reflexively headbutt those who attack you in melee.
You have a pair of horns on your head.


Message History

You block HeyBub's ghost's attack.
You barely miss HeyBub's ghost. Your headbutt misses HeyBub's ghost.
HeyBub's ghost is almost destroyed.
HeyBub's ghost hits you!
* * * LOW HITPOINT WARNING * * *
Okay, then.
It was a potion of degeneration.
There was something very wrong with that liquid.
You feel weakened.
You feel dopey.
You feel clumsy. You block HeyBub's ghost's attack.
You feel very mighty all of a sudden. HeyBub's ghost hits you.
* * * LOW HITPOINT WARNING * * *
You hit HeyBub's ghost.
HeyBub's ghost is almost destroyed.
You feel like a meek peon again.
You closely miss HeyBub's ghost. Your headbutt misses HeyBub's ghost.
HeyBub's ghost is almost destroyed.
HeyBub's ghost hits you!
You die...

##+# # #... ... ##+######
#... ....# #.......# #...
......######.......###...
#..W@..#.......#.'...
######.'.......'.#...
###......<###...
#.......# #... #.......#
#### #.......# #
###'##### # #.# #.# #


You could see HeyBub's ghost.

Vanquished Creatures
  The ghost of HeyBub the Slinger, a novice HaHu of Gozag (D:6)
  A yak (D:7)
  3 hogs (D:7)
  A human (D:7)
  Edmund (D:6)
  The ghost of unrecovered the Conjurer, an amateur OpCj (D:3)
  An orc warrior (D:6)
  2 ice beasts
  3 sky beasts
  A black bear (D:7)
  7 phantoms
  3 ogres
  2 centaurs
  2 big kobolds
  5 bullfrogs
  2 scorpions (D:5)
  11 killer bees
  7 wights
  4 howler monkeys
  3 crimson imps
  A centaur zombie (D:7)
  2 hounds (D:5)
  3 jellies
  A bullfrog skeleton (D:6)
  8 orc priests
  8 orc wizards
  Jessica (D:3)
  11 worker ants
  2 hound skeletons
  A howler monkey zombie (D:7)
  Robin (D:4)
  10 adders
  A gnoll (D:1)
  2 shadow imps (D:5)
  An ooze (D:4)
  A worm (D:4)
  A dart slug (D:2)
  4 leopard geckos
  39 orcs
  4 giant cockroaches
  15 goblins
  12 hobgoblins
  9 jackals
  27 kobolds
  8 quokkas
  12 bats
  2 frilled lizards
  A quokka skeleton (D:7)
  8 rats
  A fungus (D:2)
258 creatures vanquished.

Notes
Turn   | Place    | Note
-------+----------+-------------------------------------------
     0 | D:1      | unrecovered the Minotaur Fighter began the quest for the Orb.
     0 | D:1      | Reached XP level 1. HP: 19/19 MP: 0/0
   188 | D:1      | Reached XP level 2. HP: 27/27 MP: 1/1
   590 | D:2      | Reached XP level 3. HP: 27/33 MP: 2/2
   676 | D:2      | Found an iron altar of Okawaru.
   705 | D:2      | Became a worshipper of Warmaster Okawaru
   794 | D:2      | Reached XP level 4. HP: 41/41 MP: 3/3
  1341 | D:3      | Noticed unrecovered's ghost (amateur OpCj)
  1618 | D:3      | Noticed Jessica
  1628 | D:3      | Killed Jessica
  1628 | D:3      | Reached skill level 5 in Shields
  2337 | D:3      | Reached XP level 5. HP: 46/47 MP: 4/4
  2509 | D:3      | Killed unrecovered's ghost
  2509 | D:3      | Reached skill level 5 in Fighting
  2524 | D:3      | Reached * piety under Okawaru
  2524 | D:3      | Reached XP level 6. HP: 22/56 MP: 5/5
  2890 | D:3      | Reached skill level 5 in Long Blades
  3411 | D:4      | Noticed Robin
  3446 | D:4      | Killed Robin
  3451 | D:4      | Reached XP level 7. HP: 41/63 MP: 6/6
  3726 | D:4      | Reached ** piety under Okawaru
  4119 | D:4      | Found a staircase to the Ecumenical Temple.
  4328 | D:5      | Entered Level 5 of the Dungeon
  4451 | D:5      | Reached XP level 8. HP: 73/73 MP: 7/7
  4508 | D:5      | Reached *** piety under Okawaru
  5395 | D:6      | Noticed HeyBub's ghost (novice HaHu)
  5410 | D:6      | Killed HeyBub's ghost
  5410 | D:6      | Reached **** piety under Okawaru
  5410 | D:6      | Reached XP level 9. HP: 82/83 MP: 8/8
  5559 | D:6      | Noticed Edmund
  5567 | D:6      | Killed Edmund
  5997 | D:7      | Reached ***** piety under Okawaru
  6006 | D:7      | Got a brightly glowing rapier
  6007 | D:7      | Identified the +1 rapier "Uzoruci" {freeze, rN+} (You found it on level 7 of the Dungeon)
  6044 | D:7      | Reached skill level 10 in Shields
  6146 | D:7      | Reached skill level 10 in Fighting
  6148 | D:7      | Received a gift from Okawaru
  6148 | D:7      | Reached skill level 10 in Long Blades
  6531 | D:7      | Reached XP level 10. HP: 94/94 MP: 9/9
  7518 | D:7      | Received a gift from Okawaru
  7588 | D:8      | Found Pousepsete's General Store.
  8170 | D:8      | Found a glowing golden altar of the Shining One.
  8460 | D:9      | Found a staircase to the Orcish Mines.
  8494 | D:9      | Noticed HeyBub's ghost (novice MiFi)
  8553 | D:9      | Slain by HeyBub's ghost

Skill      XL: |  1  2  3  4  5  6  7  8  9 10 |
---------------+-------------------------------+-----
Shields        | 4 5 6 7 9 10 11 | 11.5
Fighting       | 4 5 6 7 9 10 11 | 11.2
Long Blades    | 3 4 5 6 8 10 11 | 11.1
Armour         | |  3.6

Action                   |  1- 3 |  4- 6 |  7- 9 | 10-12 || total
-------------------------+-------+-------+-------+-------++-------
Melee: Long sword        |    89 |   195 |    37 |       ||   321
       Headbutt          |    15 |    36 |    70 |    38 ||   159
       Scimitar          |       |       |   368 |   235 ||   603
Invok: Heroism           |       |       |       |     1 ||     1
  Use: Scroll            |       |     8 |     1 |       ||     9
       Potion            |       |     1 |       |     4 ||     5
  Eat: Chunk             |       |     6 |     6 |     7 ||    19
       Meat ration       |       |     1 |       |       ||     1
       Beef jerky        |       |       |     1 |       ||     1
Armor: Scale mail        |    28 |    49 |       |       ||    77
       Chain mail        |       |    57 |    99 |       ||   156
       Ring mail         |       |       |    39 |    61 ||   100
Dodge: Dodged            |    35 |    53 |    88 |    56 ||   232
Block: Shield            |    64 |   126 |   264 |   160 ||   614
       Rpst.: Long sword |     9 |    13 |     1 |       ||    23
       Scimitar          |       |       |    21 |    15 ||    36
